Condors vs Punishers

Created - April 12, 2022 at 19:24

Goals
1 2 3 T
Condors 1 1 2 4
Punishers 0 2 3 5
Shots
1 2 3 T
Condors 14 12 14 40
Punishers 7 8 16 31

1st period

1. Condors , Kiefer Sherwood 13 (Connor Hurley 2, Alexandre Carrier 8) at 15:33

Penalties :
Carter Ashton (Pro) for Holding (Minor) at 13:07

2nd period

2. Punishers , Tyler Bertuzzi 30 (Zack Hamill 58) at 4:08 (PP)
3. Punishers , Carter Ashton 19 (Radek Faksa 32) at 4:46
4. Condors , Brett Lernout 1 (Connor Hurley 3, Zac Leslie 25) at 19:34

Penalties :
Ben Betker (Pro) for Hooking (Minor) at 0:22, Daniel Zaar (Bak) for Goalie Interference (Minor) at 4:02, Ben Betker (Pro) for Holding (Minor) at 8:43, Austen Brassard (Pro) for Hooking (Minor) at 12:12, Zac Leslie (Bak) for Tripping (Minor) at 17:11, Anton Blidh (Pro) for High sticking (Minor) at 19:37

3rd period

5. Punishers , Anton Blidh 11 (Michael Joly 3, Connor Clifton 9) at 1:55
6. Condors , Tyler Bozak 32 (Jesse Puljujarvi 12, Anton Slepyshev 34) at 3:16
7. Condors , Anton Slepyshev 20 (Tyler Bozak 37, Jesse Puljujarvi 13) at 10:07
8. Punishers , Chrstian Dvorak 11 (Carter Ashton 14, Radek Faksa 33) at 13:12
9. Punishers , Corey Tropp 35 (Zack Hamill 59, Tyler Bertuzzi 27) at 17:40 (PP)

Penalties :
Noah Juulsen (Pro) for Diving (Minor) at 6:59, Carter Ashton (Pro) for Holding (Minor) at 11:02, Tyler Bozak (Bak) for Tripping (Minor) at 17:24

Goalie Stats

Carter Hart (Bak), 26 saves from 31 shots - (0.839), L, 22-15-0, 58:54 minutes
Louis Domingue (Pro), 36 saves from 40 shots - (0.900), W, 21-16-4, 60:00 minutes

Players Stats for Condors

Player Name              G  A  P  +/- PIM S  H  SB GA TA FO     MP     PP MP  PK MP  
------------------------------------------------------------------------------------
Adam Erne                0  0  0   0  0   3  1  1  0  1  0/0    16:22   6:10   0:00 
Alexandre Carrier        0  1  1  -2  0   0  0  1  0  0  0/0    10:25   0:00   1:06 
Anton Slepyshev          1  1  2   1  0   1  3  0  1  0  0/0    20:20   7:37   1:29 
Brett Lernout            1  0  1  -1  0   1  0  3  0  0  0/0     9:56   0:00   0:13 
Carl Gunnarsson          0  0  0   1  0   1  3  2  1  1  0/0    28:04   8:23   1:28 
Chris Bigras             0  0  0   0  0   2  1  1  0  0  0/0    18:30   5:30   0:40 
Christian Thomas         0  0  0   0  0   3  1  0  0  0  0/0     8:53   0:06   0:25 
Connor Hurley            0  2  2   0  0   2  1  0  0  0  3/7     8:09   0:00   0:13 
Daniel Zaar              0  0  0   0  2   4  1  0  2  0  4/4    22:54   7:08   0:00 
Gustav Olofsson          0  0  0   2  0   0  0  0  0  0  0/0     4:07   0:00   0:13 
Jesse Puljujarvi         0  2  2   1  0   0  0  0  0  0  0/1     9:53   0:02   0:00 
Kiefer Sherwood          1  0  1  -1  0   2  0  0  0  0  0/0     7:32   0:00   0:00 
Louis Leblanc            0  0  0   0  0   6  2  1  0  0  7/10   11:26   0:39   0:00 
Mark Jankowski           0  0  0   0  0   2  2  0  3  0  12/25  20:26   6:10   0:27 
Philippe Myers           0  0  0   1  0   0  0  0  0  0  0/0     3:30   0:00   0:00 
Robby Fabbri             0  0  0   0  0   2  2  1  1  0  0/1    20:54   6:10   0:55 
Scott Mayfield           0  0  0   0  0   1  3  0  0  0  0/0    18:30   5:30   0:40 
Tyler Bozak              1  1  2   1  2   5  4  1  0  0  7/15   20:03   7:37   1:13 
Tyson Jost               0  0  0   0  0   1  0  0  0  0  0/0    10:21   0:00   0:00 
Zac Leslie               0  1  1   2  2   4  0  4  0  2  0/0    27:21   8:23   0:22 

Players Stats for Punishers

Player Name              G  A  P  +/- PIM S  H  SB GA TA FO     MP     PP MP  PK MP  
------------------------------------------------------------------------------------
Alex Schoenborn          0  0  0   1  0   0  0  0  0  0  0/0     3:23   0:14   0:11 
Alexander Nylander       0  0  0   0  0   0  0  0  0  0  0/0     0:24   0:14   0:00 
Anton Blidh              1  0  1   1  2   4  2  0  0  0  0/0    14:26   0:00   1:31 
Artem Zub                0  0  0  -2  0   2  6  1  1  0  0/0    29:49   0:54   8:28 
Austen Brassard          0  0  0  -2  2   1  0  1  1  0  0/0    11:31   0:00   0:00 
Austin Wagner            0  0  0   0  0   0  0  0  0  0  0/0     0:09   0:00   0:09 
Beck Malenstyn           0  0  0   0  0   0  0  0  0  0  0/0     0:00   0:00   0:00 
Ben Betker               0  0  0  -2  4   1  3  3  0  2  0/0    28:08   0:54   5:53 
Carter Ashton            1  1  2   0  4   2  2  0  0  0  0/2    12:24   0:48   0:00 
Chrstian Dvorak          1  0  1   1  0   1  1  0  0  0  0/0    11:52   0:48   0:00 
Connor Clifton           0  1  1   2  0   1  0  2  0  0  0/0    11:52   0:00   2:00 
Corey Tropp              1  0  1   0  0   5  2  1  1  1  0/2    23:31   1:19   7:25 
Fredrik Claesson         0  0  0  -1  0   1  1  0  0  1  0/0    20:45   1:27   5:51 
Gabriel Gagne            0  0  0  -1  0   0  0  0  0  0  0/0     3:20   0:00   2:12 
John Quenneville         0  0  0  -2  0   2  2  0  1  0  4/8    12:11   0:00   0:39 
Michael Joly             0  1  1   1  0   2  1  0  0  0  0/0     5:11   0:00   0:00 
Nicolas Roy              0  0  0   1  0   0  0  0  0  0  1/2     5:11   0:00   0:00 
Nikita Gusev             0  0  0  -2  0   1  1  0  0  1  0/0    10:54   0:00   0:00 
Noah Juulsen             0  0  0  -1  2   1  0  0  0  0  0/0    20:24   1:27   5:23 
Radek Faksa              0  2  2   1  0   2  2  0  0  1  8/15   16:11   0:48   4:14 
Tyler Bertuzzi           1  1  2   0  0   4  3  1  0  0  0/0    20:17   1:19   4:14 
Zack Hamill              0  2  2   0  0   1  2  1  0  2  17/34  24:07   1:33   7:22 

3 Stars

1 - Anton Slepyshev (Bak)
2 - Tyler Bertuzzi (Pro)
3 - Tyler Bozak (Bak)

Power Play

Condors - 0 on 7 Attempt(s) - 0.00%
Punishers - 2 on 3 Attempt(s) - 66.67%

Penalty Kill

Condors - 1 on 3 Attempt(s) - 33.33% - Score 0 goal in Penalty Kill
Punishers - 7 on 7 Attempt(s) - 100.00% - Score 0 goal in Penalty Kill

Team Stat

Condors - Hits : 24 - Faceoff Wins : 33 - Blocked Shots : 15 - Penalty Minutes : 6
Punishers - Hits : 28 - Faceoff Wins : 30 - Blocked Shots : 10 - Penalty Minutes : 14

Official

Referees : Justin St. Pierre and Chris Lee
Linesman : Ryan Gibbons and Scott Cherrey

Game Notes

No Game Note

Finance

Level 1 -- Attendance: 1440 (72.00%) -- Ticket Income $57,600
Level 2 -- Attendance: 641 (64.10%) -- Ticket Income $12,820
Total Attendance: 2081 (69.37%)
Total Ticket Income: $70,420
Other Income: $3,521
Total Income: $73,941

Condors

5 vs 5 Forward 
   Center                   Left Wing                Right Wing               Time % Phy DF OF 
 1 Mark Jankowski           Robby Fabbri             Daniel Zaar              40     1   2  2  
 2 Tyler Bozak              Anton Slepyshev          Jesse Puljujarvi         30     1   2  2  
 3 Louis Leblanc            Tyson Jost               Adam Erne                20     1   2  2  
 4 Connor Hurley            Christian Thomas         Kiefer Sherwood          10     1   2  2  

5 vs 5 Defense 
   Defense                  Defense                                           Time % Phy DF OF 
 1 Carl Gunnarsson          Zac Leslie                                        40     1   2  2  
 2 Chris Bigras             Scott Mayfield                                    30     1   2  2  
 3 Brett Lernout            Alexandre Carrier                                 20     1   2  2  
 4 Gustav Olofsson          Philippe Myers                                    10     1   2  2  

PowerPlay Forward 
   Center                   Left Wing                Right Wing               Time % Phy DF OF 
 1 Tyler Bozak              Anton Slepyshev          Daniel Zaar              60     1   2  2  
 2 Mark Jankowski           Robby Fabbri             Adam Erne                40     1   2  2  

PowerPlay Defense
   Defense                  Defense                                           Time % Phy DF OF 
 1 Carl Gunnarsson          Zac Leslie                                        60     1   2  2  
 2 Chris Bigras             Scott Mayfield                                    40     1   2  2  

Penalty Kill 4 Players Forward 
   Center                   Wing                     Time % Phy DF OF 
 1 Tyler Bozak              Anton Slepyshev          60     1   2  2  
 2 Mark Jankowski           Robby Fabbri             40     1   2  2  

Penalty Kill 4 Players Defense
   Defense                  Defense                  Time % Phy DF OF 
 1 Carl Gunnarsson          Zac Leslie               60     1   2  2  
 2 Chris Bigras             Scott Mayfield           40     1   2  2  

Penalty Kill - 3 Players Forward 
   Forward                                           Time % Phy DF OF 
 1 Tyler Bozak                                       60     1   2  2  
 2 Mark Jankowski                                    40     1   2  2  

Penalty Kill - 3 Players Defense
   Defense                  Defense                  Time % Phy DF OF 
 1 Carl Gunnarsson          Zac Leslie               60     1   2  2  
 2 Chris Bigras             Scott Mayfield           40     1   2  2  

4 vs 4 Forward 
   Center                   Wing                     Time % Phy DF OF 
 1 Tyler Bozak              Anton Slepyshev          60     1   2  2  
 2 Mark Jankowski           Robby Fabbri             40     1   2  2  

4 vs 4 Defense
   Defense                  Defense                  Time % Phy DF OF 
 1 Carl Gunnarsson          Zac Leslie               60     1   2  2  
 2 Chris Bigras             Scott Mayfield           40     1   2  2  

Last Minutes Offensive
   Center                   Left Wing                Right Wing               Defense                  Defense                  
   Tyler Bozak              Anton Slepyshev          Daniel Zaar              Carl Gunnarsson          Zac Leslie               

Last Minutes Defensive
   Center                   Left Wing                Right Wing               Defense                  Defense                  
   Tyler Bozak              Anton Slepyshev          Daniel Zaar              Carl Gunnarsson          Zac Leslie               

Goaltenders
Starting : Carter Hart              
Backup : Mark Visentin            

Extra Forwards
Normal : Robby Fabbri, Louis Leblanc, Tyson Jost - PP : Robby Fabbri, Louis Leblanc - PK : Robby Fabbri
Extra Defensemen
Normal : Alexandre Carrier, Gustav Olofsson, Philippe Myers - PP : Alexandre Carrier - PK : Alexandre Carrier, Gustav Olofsson
Penalty Shots
Tyler Bozak, Anton Slepyshev, Mark Jankowski, Daniel Zaar, Robby Fabbri

Scratches
Anders Bjork (Healthy), Cole Cassels (Healthy), Colin White (Healthy), Emil Djuse (Healthy), Jeremy Gregoire (Healthy)
Jordan Subban (Healthy), Nick Merkley (Healthy), Remi Elie (Healthy), Nikolai Knyzhov (Healthy), Lucas Johansen (Healthy)
Jack Campbell (Healthy)

Punishers

5 vs 5 Forward 
   Center                   Left Wing                Right Wing               Time % Phy DF OF 
 1 Zack Hamill              Tyler Bertuzzi           Corey Tropp              40     1   2  2  
 2 Radek Faksa              Chrstian Dvorak          Carter Ashton            30     1   2  2  
 3 John Quenneville         Nikita Gusev             Austen Brassard          20     1   2  2  
 4 Nicolas Roy              Anton Blidh              Michael Joly             10     1   2  2  

5 vs 5 Defense 
   Defense                  Defense                                           Time % Phy DF OF 
 1 Ben Betker               Artem Zub                                         40     1   2  2  
 2 Noah Juulsen             Fredrik Claesson                                  30     1   2  2  
 3 Connor Clifton           Anton Blidh                                       20     1   2  2  
 4 Ben Betker               Artem Zub                                         10     1   2  2  

PowerPlay Forward 
   Center                   Left Wing                Right Wing               Time % Phy DF OF 
 1 Zack Hamill              Tyler Bertuzzi           Corey Tropp              60     1   2  2  
 2 Radek Faksa              Chrstian Dvorak          Carter Ashton            40     1   2  2  

PowerPlay Defense
   Defense                  Defense                                           Time % Phy DF OF 
 1 Ben Betker               Artem Zub                                         60     1   2  2  
 2 Noah Juulsen             Fredrik Claesson                                  40     1   2  2  

Penalty Kill 4 Players Forward 
   Center                   Wing                     Time % Phy DF OF 
 1 Zack Hamill              Corey Tropp              60     1   2  2  
 2 Tyler Bertuzzi           Radek Faksa              40     1   2  2  

Penalty Kill 4 Players Defense
   Defense                  Defense                  Time % Phy DF OF 
 1 Ben Betker               Artem Zub                60     1   2  2  
 2 Noah Juulsen             Fredrik Claesson         40     1   2  2  

Penalty Kill - 3 Players Forward 
   Forward                                           Time % Phy DF OF 
 1 Zack Hamill                                       60     1   2  2  
 2 Corey Tropp                                       40     1   2  2  

Penalty Kill - 3 Players Defense
   Defense                  Defense                  Time % Phy DF OF 
 1 Ben Betker               Artem Zub                60     1   2  2  
 2 Noah Juulsen             Fredrik Claesson         40     1   2  2  

4 vs 4 Forward 
   Center                   Wing                     Time % Phy DF OF 
 1 Zack Hamill              Corey Tropp              60     1   2  2  
 2 Tyler Bertuzzi           Radek Faksa              40     1   2  2  

4 vs 4 Defense
   Defense                  Defense                  Time % Phy DF OF 
 1 Ben Betker               Artem Zub                60     1   2  2  
 2 Noah Juulsen             Fredrik Claesson         40     1   2  2  

Last Minutes Offensive
   Center                   Left Wing                Right Wing               Defense                  Defense                  
   Zack Hamill              Tyler Bertuzzi           Corey Tropp              Ben Betker               Artem Zub                

Last Minutes Defensive
   Center                   Left Wing                Right Wing               Defense                  Defense                  
   Zack Hamill              Tyler Bertuzzi           Corey Tropp              Ben Betker               Artem Zub                

Goaltenders
Starting : Louis Domingue           
Backup : Daniel Altshuller        

Extra Forwards
Normal : Alex Schoenborn, Alexander Nylander, Gabriel Gagne - PP : Alex Schoenborn, Alexander Nylander - PK : Gabriel Gagne
Extra Defensemen
Normal : Connor Clifton, Noah Juulsen, Fredrik Claesson - PP : Connor Clifton - PK : Noah Juulsen, Fredrik Claesson
Penalty Shots
Zack Hamill, Corey Tropp, Tyler Bertuzzi, Radek Faksa, Carter Ashton

Scratches
Daniel Audette (Broken Left Index Finger Injury), Niko Mikkola (Healthy), Connor Ingram (Healthy)

% Time on Ice - Condors

Lines # - Real PCT - Wanted PCT - Time Play
Normal Forward
1 - 36% - 40% - 15:11
2 - 22% - 30% - 9:28
3 - 24% - 20% - 10:21
4 - 18% - 10% - 7:32
Normal Defense
1 - 42% - 40% - 17:51
2 - 28% - 30% - 11:52
3 - 22% - 20% - 9:19
4 - 8% - 10% - 3:30
PP Forward
1 - 56% - 60% - 7:43
2 - 44% - 40% - 6:10
PP Defense
1 - 60% - 60% - 8:23
2 - 40% - 40% - 5:30
PK Forward
1 - 81% - 60% - 1:54
2 - 19% - 40% - 0:27
PK Defense
1 - 72% - 60% - 1:41
2 - 28% - 40% - 0:40
PK3 Forward
1 - 0% - 60%
2 - 0% - 40%
PK3 Defense
1 - 0% - 60%
2 - 0% - 40%
44 Forward
1 - 0% - 60%
2 - 0% - 40%
44 Defense
1 - 0% - 60%
2 - 0% - 40%
Last Minute Offensive  - 1:14
Last Minute Defensive  - 0:00
Total
Forward - 60:00
Defense - 60:00

% Time on Ice - Punishers

Lines # - Real PCT - Wanted PCT - Time Play
Normal Forward
1 - 36% - 40% - 15:19
2 - 26% - 30% - 11:09
3 - 26% - 20% - 10:54
4 - 12% - 10% - 5:11
Normal Defense
1 - 45% - 40% - 19:00
2 - 32% - 30% - 13:27
3 - 21% - 20% - 9:01
4 - 3% - 10% - 1:05
PP Forward
1 - 66% - 60% - 1:33
2 - 34% - 40% - 0:48
PP Defense
1 - 38% - 60% - 0:54
2 - 62% - 40% - 1:27
PK Forward
1 - 70% - 60% - 9:39
2 - 30% - 40% - 4:14
PK Defense
1 - 62% - 60% - 8:34
2 - 38% - 40% - 5:19
PK3 Forward
1 - 0% - 60%
2 - 0% - 40%
PK3 Defense
1 - 0% - 60%
2 - 0% - 40%
44 Forward
1 - 0% - 60%
2 - 0% - 40%
44 Defense
1 - 0% - 60%
2 - 0% - 40%
Last Minute Offensive  - 0:00
Last Minute Defensive  - 1:13
Total
Forward - 60:00
Defense - 60:00

Play-by-Play

1st period


0:01 of 1st period - Mark Jankowski wins face-off versus Zack Hamill in neutral zone.
0:56 of 1st period - Wrist shot by Louis Leblanc.
0:56 of 1st period - Stopped by Louis Domingue with a rebound.
1:14 of 1st period - Noah Juulsen is hit by Chris Bigras and loses puck.
1:32 of 1st period - Off-side.
1:33 of 1st period - Tyler Bozak wins face-off versus Zack Hamill in neutral zone.
1:44 of 1st period - Wrist shot by Tyler Bozak.
1:44 of 1st period - Deflect By Anton Slepyshev.
1:44 of 1st period - Shot Misses the Net.
1:44 of 1st period - Puck is out of play.
1:45 of 1st period - Radek Faksa wins face-off versus Mark Jankowski in Punishers zone.
2:11 of 1st period - Anton Slepyshev is hit by Zack Hamill and loses puck.
2:20 of 1st period - Snap shot by Tyler Bertuzzi.
2:20 of 1st period - Stopped by Carter Hart without a rebound.
2:21 of 1st period - John Quenneville wins face-off versus Connor Hurley in Condors zone.
2:33 of 1st period - Off-side.
2:34 of 1st period - Zack Hamill wins face-off versus Mark Jankowski in neutral zone.
2:37 of 1st period - Snap shot by Corey Tropp.
2:37 of 1st period - Stopped by Carter Hart without a rebound.
2:38 of 1st period - Zack Hamill wins face-off versus Mark Jankowski in Condors zone.
2:39 of 1st period - Slapshot by Tyler Bertuzzi.
2:39 of 1st period - Stopped by Carter Hart without a rebound.
2:40 of 1st period - Zack Hamill wins face-off versus Mark Jankowski in Condors zone.
3:10 of 1st period - Chrstian Dvorak is hit by Anton Slepyshev and loses puck.
3:35 of 1st period - Slapshot by John Quenneville.
3:35 of 1st period - Stopped by Carter Hart with a rebound.
3:49 of 1st period - Mark Jankowski is hit by Tyler Bertuzzi and loses puck.
4:14 of 1st period - Fredrik Claesson is hit by Adam Erne.
4:57 of 1st period - Christian Thomas is hit by Artem Zub and loses puck.
5:34 of 1st period - Tyler Bozak is hit by Corey Tropp and loses puck.
5:45 of 1st period - Slapshot by Adam Erne.
5:45 of 1st period - Shot Misses the Net.
6:09 of 1st period - Gustav Olofsson is hit by Artem Zub and loses puck.
6:35 of 1st period - Artem Zub is hit by Louis Leblanc and loses puck.
6:44 of 1st period - Snap shot by Louis Leblanc.
6:44 of 1st period - Stopped by Louis Domingue without a rebound.
6:45 of 1st period - Mark Jankowski wins face-off versus Zack Hamill in Punishers zone.
6:50 of 1st period - Snap shot by Daniel Zaar.
6:50 of 1st period - Stopped by Louis Domingue with a rebound.
7:00 of 1st period - Wrist shot by Mark Jankowski.
7:00 of 1st period - Shot Misses the Net.
7:10 of 1st period - Fredrik Claesson is hit by Scott Mayfield and loses puck.
7:23 of 1st period - Slapshot by Zack Hamill.
7:23 of 1st period - Stopped by Carter Hart with a rebound.
7:59 of 1st period - Artem Zub is hit by Carl Gunnarsson and loses puck.
8:49 of 1st period - Slapshot by Nikita Gusev.
8:49 of 1st period - Shot Blocked by Adam Erne.
8:51 of 1st period - Slapshot by Nikita Gusev.
8:51 of 1st period - Shot Misses the Net.
9:03 of 1st period - Anton Blidh is hit by Robby Fabbri and loses puck.
9:14 of 1st period - Snap shot by Radek Faksa.
9:14 of 1st period - Shot Misses the Net.
9:41 of 1st period - Slapshot by Daniel Zaar.
9:41 of 1st period - Stopped by Louis Domingue without a rebound.
9:42 of 1st period - John Quenneville wins face-off versus Mark Jankowski in Punishers zone.
10:05 of 1st period - Tyler Bozak is hit by Chrstian Dvorak and loses puck.
10:44 of 1st period - Snap shot by Kiefer Sherwood.
10:44 of 1st period - Deflect By Connor Hurley.
10:44 of 1st period - Stopped by Louis Domingue with a rebound.
11:07 of 1st period - Daniel Zaar is hit by Artem Zub and loses puck.
11:22 of 1st period - Corey Tropp is hit by Tyler Bozak and loses puck.
11:37 of 1st period - Nicolas Roy is hit by Louis Leblanc and loses puck.
11:46 of 1st period - Slapshot by Louis Leblanc.
11:46 of 1st period - Stopped by Louis Domingue with a rebound.
11:48 of 1st period - Slapshot by Zac Leslie.
11:48 of 1st period - Shot Misses the Net.
11:50 of 1st period - Snap shot by Tyson Jost.
11:50 of 1st period - Deflect By Adam Erne.
11:50 of 1st period - Shot Misses the Net.
11:50 of 1st period - Puck is out of play.
11:51 of 1st period - Mark Jankowski wins face-off versus Zack Hamill in Punishers zone.
12:42 of 1st period - Artem Zub is hit by Connor Hurley.
12:47 of 1st period - Icing by Gustav Olofsson.
12:48 of 1st period - Connor Hurley wins face-off versus Corey Tropp in Condors zone.
12:48 of 1st period - Connor Hurley is hit by Ben Betker.
13:04 of 1st period - Snap shot by Kiefer Sherwood.
13:04 of 1st period - Deflect By Connor Hurley.
13:04 of 1st period - Shot Blocked by Ben Betker.
13:04 of 1st period - Puck is out of play.
13:05 of 1st period - Radek Faksa wins face-off versus Mark Jankowski in Punishers zone.
13:07 of 1st period - Minor Penalty to Carter Ashton for Holding.
13:08 of 1st period - Tyler Bozak wins face-off versus Zack Hamill in Punishers zone.
13:20 of 1st period - Snap shot by Anton Slepyshev.
13:20 of 1st period - Shot Blocked by Zack Hamill.
13:24 of 1st period - Snap shot by Tyler Bozak.
13:24 of 1st period - Stopped by Louis Domingue without a rebound.
13:25 of 1st period - Tyler Bozak wins face-off versus Zack Hamill in Punishers zone.
13:36 of 1st period - Snap shot by Tyler Bozak.
13:36 of 1st period - Shot Misses the Net.
14:49 of 1st period - Artem Zub is hit by Mark Jankowski and loses puck.
15:07 of 1st period - Penalty to Carter Ashton is over, Carter Ashton is back on ice.
15:08 of 1st period - Carl Gunnarsson is hit by Carter Ashton and loses puck.
15:29 of 1st period - Wrist shot by Kiefer Sherwood.
15:29 of 1st period - Shot Misses the Net.
15:31 of 1st period - Slapshot by Alexandre Carrier.
15:31 of 1st period - Shot Misses the Net.
15:33 of 1st period - Wrist shot by Connor Hurley.
15:33 of 1st period - Deflect By Kiefer Sherwood.
15:33 of 1st period - Goal by Kiefer Sherwood - Condors : 1 - Punishers : 0.
15:34 of 1st period - Louis Leblanc wins face-off versus Radek Faksa in neutral zone.
15:37 of 1st period - Snap shot by Louis Leblanc.
15:37 of 1st period - Shot Misses the Net.
15:39 of 1st period - Snap shot by Adam Erne.
15:39 of 1st period - Stopped by Louis Domingue without a rebound.
15:40 of 1st period - Radek Faksa wins face-off versus Louis Leblanc in Punishers zone.
15:51 of 1st period - Carter Ashton is hit by Scott Mayfield and loses puck.
17:33 of 1st period - Wrist shot by Daniel Zaar.
17:33 of 1st period - Shot Blocked by Tyler Bertuzzi.
17:35 of 1st period - Slapshot by Brett Lernout.
17:35 of 1st period - Shot Blocked by Connor Clifton.
17:37 of 1st period - Wrist shot by Brett Lernout.
17:37 of 1st period - Shot Blocked by Connor Clifton.
17:51 of 1st period - Snap shot by Austen Brassard.
17:51 of 1st period - Stopped by Carter Hart with a rebound.
17:55 of 1st period - Snap shot by John Quenneville.
17:55 of 1st period - Stopped by Carter Hart without a rebound.
17:56 of 1st period - Daniel Zaar wins face-off versus Radek Faksa in Condors zone.
18:03 of 1st period - Fredrik Claesson is hit by Robby Fabbri and loses puck.
18:10 of 1st period - Wrist shot by Chrstian Dvorak.
18:10 of 1st period - Shot Blocked by Zac Leslie.
18:32 of 1st period - Artem Zub is hit by Daniel Zaar and loses puck.
19:09 of 1st period - Slapshot by Tyler Bozak.
19:09 of 1st period - Stopped by Louis Domingue with a rebound.
19:11 of 1st period - Snap shot by Carl Gunnarsson.
19:11 of 1st period - Stopped by Louis Domingue with a rebound.
19:13 of 1st period - Slapshot by Tyler Bozak.
19:13 of 1st period - Stopped by Louis Domingue with a rebound.
19:15 of 1st period - Slapshot by Zac Leslie.
19:15 of 1st period - Stopped by Louis Domingue with a rebound.
19:17 of 1st period - Slapshot by Zac Leslie.
19:17 of 1st period - Stopped by Louis Domingue without a rebound.
19:18 of 1st period - Zack Hamill wins face-off versus Louis Leblanc in Punishers zone.
19:43 of 1st period - Artem Zub is hit by Tyler Bozak and loses puck.
Goals for this period are 1 for Condors vs 0 for Punishers.
Shots for this period are 14 for Condors vs 7 for Punishers.

2nd period


0:01 of 2nd period - Mark Jankowski wins face-off versus Zack Hamill in neutral zone.
0:12 of 2nd period - Wrist shot by Robby Fabbri.
0:12 of 2nd period - Stopped by Louis Domingue with a rebound.
0:14 of 2nd period - Snap shot by Daniel Zaar.
0:14 of 2nd period - Stopped by Louis Domingue with a rebound.
0:22 of 2nd period - Minor Penalty to Ben Betker for Hooking.
0:23 of 2nd period - Zack Hamill wins face-off versus Tyler Bozak in Punishers zone.
1:24 of 2nd period - Icing by Scott Mayfield.
1:25 of 2nd period - Zack Hamill wins face-off versus Tyler Bozak in Condors zone.
2:22 of 2nd period - Penalty to Ben Betker is over, Ben Betker is back on ice.
2:37 of 2nd period - Ben Betker is hit by Christian Thomas.
2:53 of 2nd period - Louis Leblanc is hit by Ben Betker and loses puck.
3:02 of 2nd period - Louis Leblanc is hit by Michael Joly and loses puck.
3:32 of 2nd period - Wrist shot by Nikita Gusev.
3:32 of 2nd period - Shot Misses the Net.
3:38 of 2nd period - John Quenneville is hit by Anton Slepyshev and loses puck.
3:53 of 2nd period - Wrist shot by Tyler Bertuzzi.
3:53 of 2nd period - Shot Misses the Net.
3:55 of 2nd period - Slapshot by Noah Juulsen.
3:55 of 2nd period - Shot Misses the Net.
3:57 of 2nd period - Slapshot by Fredrik Claesson.
3:57 of 2nd period - Shot Blocked by Zac Leslie.
3:59 of 2nd period - Snap shot by Tyler Bertuzzi.
3:59 of 2nd period - Stopped by Carter Hart without a rebound.
4:00 of 2nd period - Daniel Zaar wins face-off versus Radek Faksa in Condors zone.
4:02 of 2nd period - Minor Penalty to Daniel Zaar for Goalie Interference.
4:03 of 2nd period - Tyler Bozak wins face-off versus Zack Hamill in Condors zone.
4:08 of 2nd period - Snap shot by Tyler Bertuzzi.
4:08 of 2nd period - Goal by Tyler Bertuzzi - Condors : 1 - Punishers : 1.
4:09 of 2nd period - Mark Jankowski wins face-off versus Zack Hamill in neutral zone.
4:16 of 2nd period - Slapshot by Mark Jankowski.
4:16 of 2nd period - Shot Misses the Net.
4:44 of 2nd period - Snap shot by Radek Faksa.
4:44 of 2nd period - Shot Misses the Net.
4:46 of 2nd period - Snap shot by Carter Ashton.
4:46 of 2nd period - Goal by Carter Ashton - Condors : 1 - Punishers : 2.
4:47 of 2nd period - Zack Hamill wins face-off versus Mark Jankowski in neutral zone.
5:21 of 2nd period - Slapshot by Carl Gunnarsson.
5:21 of 2nd period - Shot Misses the Net.
5:37 of 2nd period - Slapshot by Louis Leblanc.
5:37 of 2nd period - Stopped by Louis Domingue without a rebound.
5:38 of 2nd period - Louis Leblanc wins face-off versus Zack Hamill in Punishers zone.
5:43 of 2nd period - Snap shot by Louis Leblanc.
5:43 of 2nd period - Stopped by Louis Domingue with a rebound.
6:08 of 2nd period - Off-side.
6:09 of 2nd period - John Quenneville wins face-off versus Mark Jankowski in neutral zone.
6:34 of 2nd period - Tyler Bozak is hit by Zack Hamill and loses puck.
6:57 of 2nd period - Connor Hurley is hit by Ben Betker and loses puck.
7:01 of 2nd period - Icing by Zac Leslie.
7:02 of 2nd period - Radek Faksa wins face-off versus Connor Hurley in Condors zone.
7:03 of 2nd period - Snap shot by Carter Ashton.
7:03 of 2nd period - Shot Misses the Net.
7:05 of 2nd period - Snap shot by Carter Ashton.
7:05 of 2nd period - Stopped by Carter Hart with a rebound.
7:07 of 2nd period - Wrist shot by Radek Faksa.
7:07 of 2nd period - Stopped by Carter Hart with a rebound.
7:09 of 2nd period - Wrist shot by Carter Ashton.
7:09 of 2nd period - Shot Blocked by Carl Gunnarsson.
7:13 of 2nd period - Wrist shot by Chrstian Dvorak.
7:13 of 2nd period - Shot Misses the Net.
7:15 of 2nd period - Snap shot by Radek Faksa.
7:15 of 2nd period - Stopped by Carter Hart with a rebound.
7:17 of 2nd period - Snap shot by Radek Faksa.
7:17 of 2nd period - Shot Misses the Net.
7:31 of 2nd period - Wrist shot by Mark Jankowski.
7:31 of 2nd period - Stopped by Louis Domingue without a rebound.
7:32 of 2nd period - Mark Jankowski wins face-off versus Zack Hamill in Punishers zone.
7:41 of 2nd period - Snap shot by Daniel Zaar.
7:41 of 2nd period - Shot Misses the Net.
7:43 of 2nd period - Slapshot by Chris Bigras.
7:43 of 2nd period - Stopped by Louis Domingue with a rebound.
8:02 of 2nd period - Snap shot by Corey Tropp.
8:02 of 2nd period - Shot Misses the Net.
8:18 of 2nd period - Wrist shot by Tyler Bertuzzi.
8:18 of 2nd period - Shot Misses the Net.
8:32 of 2nd period - Snap shot by Adam Erne.
8:32 of 2nd period - Deflect By Corey Tropp.
8:32 of 2nd period - Stopped by Louis Domingue without a rebound.
8:33 of 2nd period - Mark Jankowski wins face-off versus Radek Faksa in Punishers zone.
8:43 of 2nd period - Minor Penalty to Ben Betker for Holding.
8:44 of 2nd period - Zack Hamill wins face-off versus Tyler Bozak in Punishers zone.
8:44 of 2nd period - Zack Hamill is hit by Tyler Bozak.
10:28 of 2nd period - Scott Mayfield is hit by Artem Zub and loses puck.
10:43 of 2nd period - Penalty to Ben Betker is over, Ben Betker is back on ice.
10:56 of 2nd period - Connor Hurley is hit by Radek Faksa and loses puck.
12:12 of 2nd period - Minor Penalty to Austen Brassard for Hooking.
12:13 of 2nd period - Mark Jankowski wins face-off versus Corey Tropp in Punishers zone.
13:26 of 2nd period - Scott Mayfield is hit by Artem Zub and loses puck.
13:54 of 2nd period - Ben Betker is hit by Carl Gunnarsson and loses puck.
14:12 of 2nd period - Penalty to Austen Brassard is over, Austen Brassard is back on ice.
16:08 of 2nd period - Icing by John Quenneville.
16:09 of 2nd period - Mark Jankowski wins face-off versus Radek Faksa in Punishers zone.
16:14 of 2nd period - Snap shot by Robby Fabbri.
16:14 of 2nd period - Shot Misses the Net.
16:22 of 2nd period - Mark Jankowski is hit by Carter Ashton and loses puck.
16:43 of 2nd period - Snap shot by Tyler Bozak.
16:43 of 2nd period - Shot Misses the Net.
16:59 of 2nd period - Wrist shot by Nikita Gusev.
16:59 of 2nd period - Stopped by Carter Hart with a rebound.
17:01 of 2nd period - Wrist shot by Austen Brassard.
17:01 of 2nd period - Shot Misses the Net.
17:03 of 2nd period - Slapshot by Artem Zub.
17:03 of 2nd period - Shot Blocked by Louis Leblanc.
17:05 of 2nd period - Slapshot by Ben Betker.
17:05 of 2nd period - Shot Misses the Net.
17:11 of 2nd period - Minor Penalty to Zac Leslie for Tripping.
17:12 of 2nd period - Tyler Bozak wins face-off versus Zack Hamill in Condors zone.
17:23 of 2nd period - Alexandre Carrier is hit by Corey Tropp.
17:37 of 2nd period - Alexandre Carrier is hit by Radek Faksa and loses puck.
17:48 of 2nd period - Slapshot by Radek Faksa.
17:48 of 2nd period - Shot Blocked by Chris Bigras.
18:00 of 2nd period - Mark Jankowski is hit by Fredrik Claesson and loses puck.
18:15 of 2nd period - Wrist shot by Robby Fabbri.
18:15 of 2nd period - Shot Misses the Net.
18:25 of 2nd period - Slapshot by Noah Juulsen.
18:25 of 2nd period - Shot Blocked by Alexandre Carrier.
18:27 of 2nd period - Slapshot by Noah Juulsen.
18:27 of 2nd period - Stopped by Carter Hart with a rebound.
19:11 of 2nd period - Penalty to Zac Leslie is over, Zac Leslie is back on ice.
19:26 of 2nd period - Snap shot by Zac Leslie.
19:26 of 2nd period - Stopped by Louis Domingue with a rebound.
19:28 of 2nd period - Backhand shot by Christian Thomas.
19:28 of 2nd period - Stopped by Louis Domingue with a rebound.
19:30 of 2nd period - Slapshot by Zac Leslie.
19:30 of 2nd period - Stopped by Louis Domingue with a rebound.
19:32 of 2nd period - Slapshot by Connor Hurley.
19:32 of 2nd period - Stopped by Louis Domingue with a rebound.
19:34 of 2nd period - Slapshot by Brett Lernout.
19:34 of 2nd period - Goal by Brett Lernout - Condors : 2 - Punishers : 2.
19:35 of 2nd period - Radek Faksa wins face-off versus Mark Jankowski in neutral zone.
19:37 of 2nd period - Minor Penalty to Anton Blidh for High sticking.
19:38 of 2nd period - Zack Hamill wins face-off versus Tyler Bozak in Punishers zone.
Goals for this period are 1 for Condors vs 2 for Punishers.
Shots for this period are 12 for Condors vs 8 for Punishers.

3rd period


0:01 of 3rd period - Zack Hamill wins face-off versus Tyler Bozak in neutral zone.
0:04 of 3rd period - Wrist shot by Artem Zub.
0:04 of 3rd period - Deflect By Tyler Bozak.
0:04 of 3rd period - Stopped by Carter Hart with a rebound.
1:37 of 3rd period - Penalty to Anton Blidh is over, Anton Blidh is back on ice.
1:43 of 3rd period - Slapshot by Anton Blidh.
1:43 of 3rd period - Stopped by Carter Hart with a rebound.
1:45 of 3rd period - Snap shot by Michael Joly.
1:45 of 3rd period - Stopped by Carter Hart without a rebound.
1:46 of 3rd period - Nicolas Roy wins face-off versus Connor Hurley in Condors zone.
1:47 of 3rd period - Snap shot by Michael Joly.
1:47 of 3rd period - Stopped by Carter Hart with a rebound.
1:49 of 3rd period - Snap shot by Connor Clifton.
1:49 of 3rd period - Shot Misses the Net.
1:51 of 3rd period - Slapshot by Connor Clifton.
1:51 of 3rd period - Stopped by Carter Hart with a rebound.
1:53 of 3rd period - Snap shot by Michael Joly.
1:53 of 3rd period - Shot Misses the Net.
1:55 of 3rd period - Slapshot by Anton Blidh.
1:55 of 3rd period - Goal by Anton Blidh - Condors : 2 - Punishers : 3.
1:56 of 3rd period - Mark Jankowski wins face-off versus Zack Hamill in neutral zone.
2:00 of 3rd period - Icing by Ben Betker.
2:01 of 3rd period - Daniel Zaar wins face-off versus Zack Hamill in Punishers zone.
2:08 of 3rd period - Slapshot by Mark Jankowski.
2:08 of 3rd period - Shot Misses the Net.
2:10 of 3rd period - Wrist shot by Zac Leslie.
2:10 of 3rd period - Shot Blocked by Corey Tropp.
2:12 of 3rd period - Snap shot by Mark Jankowski.
2:12 of 3rd period - Stopped by Louis Domingue without a rebound.
2:13 of 3rd period - Zack Hamill wins face-off versus Mark Jankowski in Punishers zone.
2:29 of 3rd period - Slapshot by Robby Fabbri.
2:29 of 3rd period - Stopped by Louis Domingue without a rebound.
2:30 of 3rd period - Radek Faksa wins face-off versus Jesse Puljujarvi in Punishers zone.
2:37 of 3rd period - Snap shot by Tyler Bozak.
2:37 of 3rd period - Shot Misses the Net.
2:43 of 3rd period - Snap shot by Radek Faksa.
2:43 of 3rd period - Shot Blocked by Tyler Bozak.
2:45 of 3rd period - Slapshot by Ben Betker.
2:45 of 3rd period - Deflect By Tyler Bozak.
2:45 of 3rd period - Stopped by Carter Hart without a rebound.
2:46 of 3rd period - Zack Hamill wins face-off versus Mark Jankowski in Condors zone.
3:00 of 3rd period - Off-side.
3:01 of 3rd period - Tyler Bozak wins face-off versus Carter Ashton in neutral zone.
3:14 of 3rd period - Wrist shot by Tyler Bozak.
3:14 of 3rd period - Shot Blocked by Ben Betker.
3:16 of 3rd period - Wrist shot by Jesse Puljujarvi.
3:16 of 3rd period - Deflect By Tyler Bozak.
3:16 of 3rd period - Goal by Tyler Bozak - Condors : 3 - Punishers : 3.
3:17 of 3rd period - Mark Jankowski wins face-off versus Zack Hamill in neutral zone.
4:09 of 3rd period - Louis Leblanc is hit by John Quenneville and loses puck.
4:34 of 3rd period - Fredrik Claesson is hit by Scott Mayfield and loses puck.
4:57 of 3rd period - Snap shot by Zack Hamill.
4:57 of 3rd period - Shot Misses the Net.
4:59 of 3rd period - Wrist shot by Fredrik Claesson.
4:59 of 3rd period - Stopped by Carter Hart with a rebound.
5:09 of 3rd period - Wrist shot by Corey Tropp.
5:09 of 3rd period - Stopped by Carter Hart with a rebound.
5:21 of 3rd period - Wrist shot by Anton Blidh.
5:21 of 3rd period - Stopped by Carter Hart with a rebound.
5:25 of 3rd period - Snap shot by Anton Blidh.
5:25 of 3rd period - Shot Blocked by Robby Fabbri.
5:27 of 3rd period - Snap shot by Anton Blidh.
5:27 of 3rd period - Shot Blocked by Brett Lernout.
5:29 of 3rd period - Wrist shot by Michael Joly.
5:29 of 3rd period - Shot Blocked by Brett Lernout.
5:31 of 3rd period - Slapshot by Artem Zub.
5:31 of 3rd period - Shot Blocked by Brett Lernout.
5:38 of 3rd period - Icing by Daniel Zaar.
5:39 of 3rd period - Radek Faksa wins face-off versus Mark Jankowski in Condors zone.
5:42 of 3rd period - Slapshot by Corey Tropp.
5:42 of 3rd period - Stopped by Carter Hart with a rebound.
6:04 of 3rd period - Tyler Bozak is hit by Anton Blidh and loses puck.
6:50 of 3rd period - Icing by Chris Bigras.
6:51 of 3rd period - Connor Hurley wins face-off versus Zack Hamill in Condors zone.
6:51 of 3rd period - Connor Hurley is hit by Tyler Bertuzzi.
6:57 of 3rd period - Slapshot by Scott Mayfield.
6:57 of 3rd period - Shot Misses the Net.
6:59 of 3rd period - Minor Penalty to Noah Juulsen for Diving.
7:00 of 3rd period - Zack Hamill wins face-off versus Tyler Bozak in Punishers zone.
7:16 of 3rd period - Slapshot by Daniel Zaar.
7:16 of 3rd period - Shot Blocked by Ben Betker.
8:59 of 3rd period - Penalty to Noah Juulsen is over, Noah Juulsen is back on ice.
9:11 of 3rd period - Fredrik Claesson is hit by Carl Gunnarsson and loses puck.
9:24 of 3rd period - Snap shot by Christian Thomas.
9:24 of 3rd period - Stopped by Louis Domingue without a rebound.
9:25 of 3rd period - Connor Hurley wins face-off versus Carter Ashton in Punishers zone.
9:26 of 3rd period - Wrist shot by Christian Thomas.
9:26 of 3rd period - Stopped by Louis Domingue with a rebound.
9:36 of 3rd period - Snap shot by Kiefer Sherwood.
9:36 of 3rd period - Stopped by Louis Domingue without a rebound.
9:37 of 3rd period - Mark Jankowski wins face-off versus Radek Faksa in Punishers zone.
9:38 of 3rd period - Snap shot by Daniel Zaar.
9:38 of 3rd period - Stopped by Louis Domingue with a rebound.
9:40 of 3rd period - Backhand shot by Carl Gunnarsson.
9:40 of 3rd period - Shot Misses the Net.
9:52 of 3rd period - Snap shot by Robby Fabbri.
9:52 of 3rd period - Shot Misses the Net.
10:02 of 3rd period - Ben Betker is hit by Anton Slepyshev and loses puck.
10:07 of 3rd period - Wrist shot by Tyler Bozak.
10:07 of 3rd period - Deflect By Anton Slepyshev.
10:07 of 3rd period - Goal by Anton Slepyshev - Condors : 4 - Punishers : 3.
10:08 of 3rd period - Zack Hamill wins face-off versus Mark Jankowski in neutral zone.
10:15 of 3rd period - Snap shot by Tyler Bertuzzi.
10:15 of 3rd period - Shot Blocked by Zac Leslie.
10:19 of 3rd period - Snap shot by Corey Tropp.
10:19 of 3rd period - Stopped by Carter Hart with a rebound.
10:33 of 3rd period - Mark Jankowski is hit by John Quenneville.
11:02 of 3rd period - Minor Penalty to Carter Ashton for Holding.
11:03 of 3rd period - Zack Hamill wins face-off versus Tyler Bozak in Punishers zone.
11:13 of 3rd period - Snap shot by Tyler Bozak.
11:13 of 3rd period - Shot Misses the Net.
11:15 of 3rd period - Slapshot by Chris Bigras.
11:15 of 3rd period - Stopped by Louis Domingue with a rebound.
11:27 of 3rd period - Radek Faksa is hit by Mark Jankowski and loses puck.
12:43 of 3rd period - Anton Slepyshev is hit by Anton Blidh and loses puck.
13:02 of 3rd period - Penalty to Carter Ashton is over, Carter Ashton is back on ice.
13:08 of 3rd period - Backhand shot by Anton Blidh.
13:08 of 3rd period - Stopped by Carter Hart without a rebound.
13:09 of 3rd period - Radek Faksa wins face-off versus Connor Hurley in Condors zone.
13:10 of 3rd period - Wrist shot by Carter Ashton.
13:10 of 3rd period - Shot Misses the Net.
13:12 of 3rd period - Wrist shot by Chrstian Dvorak.
13:12 of 3rd period - Goal by Chrstian Dvorak - Condors : 4 - Punishers : 4.
13:13 of 3rd period - Zack Hamill wins face-off versus Tyler Bozak in neutral zone.
13:20 of 3rd period - Zac Leslie is hit by Tyler Bertuzzi and loses puck.
13:25 of 3rd period - Snap shot by Zack Hamill.
13:25 of 3rd period - Shot Misses the Net.
13:27 of 3rd period - Wrist shot by Tyler Bertuzzi.
13:27 of 3rd period - Shot Blocked by Carl Gunnarsson.
13:29 of 3rd period - Slapshot by Artem Zub.
13:29 of 3rd period - Shot Blocked by Zac Leslie.
13:39 of 3rd period - Daniel Zaar is hit by Artem Zub and loses puck.
14:04 of 3rd period - Chris Bigras is hit by Nikita Gusev and loses puck.
15:10 of 3rd period - Slapshot by Corey Tropp.
15:10 of 3rd period - Shot Misses the Net.
15:12 of 3rd period - Slapshot by Artem Zub.
15:12 of 3rd period - Shot Misses the Net.
15:14 of 3rd period - Slapshot by Artem Zub.
15:14 of 3rd period - Stopped by Carter Hart without a rebound.
15:15 of 3rd period - Louis Leblanc wins face-off versus John Quenneville in Condors zone.
15:28 of 3rd period - Off-side.
15:29 of 3rd period - Daniel Zaar wins face-off versus Radek Faksa in neutral zone.
15:44 of 3rd period - Slapshot by Radek Faksa.
15:44 of 3rd period - Shot Misses the Net.
16:36 of 3rd period - Corey Tropp is hit by Tyler Bozak and loses puck.
16:43 of 3rd period - Snap shot by Tyler Bozak.
16:43 of 3rd period - Stopped by Louis Domingue without a rebound.
16:44 of 3rd period - Louis Leblanc wins face-off versus Nicolas Roy in Punishers zone.
17:24 of 3rd period - Minor Penalty to Tyler Bozak for Tripping.
17:25 of 3rd period - Zack Hamill wins face-off versus Robby Fabbri in Condors zone.
17:40 of 3rd period - Wrist shot by Corey Tropp.
17:40 of 3rd period - Goal by Corey Tropp - Condors : 4 - Punishers : 5.
17:41 of 3rd period - Louis Leblanc wins face-off versus John Quenneville in neutral zone.
17:44 of 3rd period - Wrist shot by Adam Erne.
17:44 of 3rd period - Stopped by Louis Domingue without a rebound.
17:45 of 3rd period - Louis Leblanc wins face-off versus John Quenneville in Punishers zone.
17:48 of 3rd period - Snap shot by Louis Leblanc.
17:48 of 3rd period - Stopped by Louis Domingue with a rebound.
17:50 of 3rd period - Slapshot by Scott Mayfield.
17:50 of 3rd period - Stopped by Louis Domingue with a rebound.
17:52 of 3rd period - Wrist shot by Tyson Jost.
17:52 of 3rd period - Shot Blocked by Austen Brassard.
17:54 of 3rd period - Slapshot by Scott Mayfield.
17:54 of 3rd period - Shot Blocked by Artem Zub.
17:56 of 3rd period - Snap shot by Tyson Jost.
17:56 of 3rd period - Stopped by Louis Domingue without a rebound.
17:57 of 3rd period - Louis Leblanc wins face-off versus John Quenneville in Punishers zone.
18:07 of 3rd period - Off-side.
18:08 of 3rd period - John Quenneville wins face-off versus Louis Leblanc in neutral zone.
18:15 of 3rd period - Slapshot by Artem Zub.
18:15 of 3rd period - Shot Misses the Net.
18:54 of 3rd period - Condors, Carter Hart is pulled from the net.
19:13 of 3rd period - Icing by Zack Hamill.
19:14 of 3rd period - Tyler Bozak wins face-off versus Zack Hamill in Punishers zone.
Goals for this period are 2 for Condors vs 3 for Punishers.
Shots for this period are 14 for Condors vs 16 for Punishers.